 Dungeon Sprint DCSS version 0.30-a0-824-g6c64550be9 (webtiles) character file.

Game seed: 4341161178025421605

1300000 ytrimaz the Spry (level 13, -6/119 HPs)
             Began as a Demonspawn Gladiator on Feb 27, 2023.
             Was a Believer of Makhleb.
             Mangled by a meat berserker
             ... wielding a +9 battleaxe
              (83 damage)
             ... in the Dungeon (Sprint VIII: "Arena of Blood").
             The game lasted 00:00:33 (13 turns).

ytrimaz the Spry (Demonspawn Gladiator)               Turns: 13, Time: 00:00:33

Health: -6/119     AC:  7    Str: 16    XL:     13   Next: 3%
Magic:  13/13      EV: 23    Int: 10    God:    Makhleb [**....]
Gold:   0          SH:  0    Dex: 18    Spells: 12/12 levels left

rFire   . . .      SeeInvis .    k - +∞ Axe of Woe
rCold   . . .      Faith    .    (shield currently unavailable)
rNeg    . . .      Spirit   .    a - +0 leather armour
rPois   .          Reflect  .    b - +0 helmet
rElec   .          Harm     .    (no cloak)
rCorr   .          Rampage  .    (no gloves)
Will    .....      NoTele   +    (no boots)
Stlth   +                        (no amulet)
HPRegen 0.39/turn                (no ring)
MPRegen 0.13/turn                (no ring)

@: no status effects
A: yellow scales 1, demonic guardian 1, foul stench 3, weakness stinger 2
a: Renounce Religion, Minor Destruction


You were in the Dungeon.
You worshipped Makhleb.
Makhleb was pleased with you.
You visited 1 branch


Innate Abilities, Weirdness & Mutations

You are partially covered in yellow scales. (AC +2)
A weak demonic guardian rushes to your aid.
You frequently emit foul miasma when damaged in melee.
You have a tail ending in a sharp stinger.


   Skills:
 + Level 16.9 Fighting
 + Level 10.0 Axes
 - Level 12.3 Throwing
 + Level 10.0 Armour
 * Level 18.3 Dodging
 - Level 12.5 Unarmed Combat


You had 12 spell levels left.
You didn't know any spells.
Your spell library was empty.

Inventory:

Hand Weapons
 k - the +∞ Axe of Woe (weapon)
   (You found it in the Dungeon)
Missiles
 c - 3 throwing nets (quivered)
 d - a javelin
Armour
 a - a +0 leather armour (worn)
 b - a +0 helmet (worn)
Scrolls
 j - a scroll of blinking
Potions
 e - a potion of curing
 f - a potion of heal wounds
 g - a potion of haste
 h - 2 potions of magic
 i - a potion of berserk rage

Dungeon Overview and Level Annotations

Branches:
Dungeon (1/1) Zot: 27000

Altars:
Makhleb

.. .. .. .. #.
.# #.. ..#
.###.. ..###.
......###......
......)_)......
....#.....#...O
. #_.@)_# .
#.)O..#
....._.....
......###o.....
.###.o ..###.
#.. ..# #O. ..#
.. ..


You could see 2 meat berserkers and 2 bags of meat.


Message History

You have reached level 9!
Your experience leads to an increase in your attributes!
Increase (S)trength, (I)ntelligence, or (D)exterity?
You feel agile. x2
You have reached level 10!
Your demonic ancestry asserts itself...
Your foul stench grows more powerful. 😎 HP[+76] MP[+9]
You now have 92 max hp (+76).
Your hp is fully restored (92).
Your mp is fully restored (10).
Unknown command.
Press < or > to pray at altars.
Unknown command.
Press < or > to pray at altars.
You hear a shout! x6
A bag of meat comes into view. It is wielding a +9 war axe.
You hear a shout!
Unknown command.
Press < or > to pray at altars.
The bag of meat shouts!
You hear a shout! x9
Unknown command.
Press < or > to pray at altars.
You slice the bag of meat!!
You pulverise the bag of meat into a thin bloody mist.
You kill the bag of meat!
Makhleb accepts your kill.
You can now gain health from killing.
You hear a shout! x5
A bag of meat comes into view. It is wielding a +9 war axe.
You hear a shout! x7
A meat berserker comes into view. It is wielding a +9 battleaxe.
You hear a shout! x2
Your Fighting skill increases to level 14!
Your Axes skill gained 6 levels and is now at level 6!
Your Armour skill gained 6 levels and is now at level 6!
Your Dodging skill gained 3 levels and is now at level 15!
You have reached level 11!
Your demonic ancestry asserts itself...
You begin to radiate miasma. 😎 HP[+9] MP[+1]
You now have 101 max hp (+9).
Your hp is fully restored (101).
Your mp is fully restored (11).
Unknown command.
Press < or > to pray at altars.
A bag of meat comes into view. It is wielding a +9 war axe.
The bag of meat shouts!
You hear a shout! x5
A meat berserker comes into view. It is wielding a +9 battleaxe.
You hear a shout!
Unknown command.
You hear a shout! x4
A bag of meat comes into view. It is wielding a +9 war axe.
The bag of meat hits you with a +9 war axe!!!
You emit a cloud of foul miasma!
You hear a shout! x4
There is a staircase leading out of the dungeon, spattered with blood here. 😮 HP[-37]
You take 37 damage, and now have 64/101 hp.
MASSIVE DAMAGE!! (PAUSE)
The bag of meat shouts!
You slice the bag of meat!!
You cleave the bag of meat in twain.
You kill the bag of meat!
Makhleb accepts your kill.
You slash the bag of meat!
You butcher the bag of meat messily.
You kill the bag of meat!
Makhleb accepts your kill.
You hear a shout! x16
Your Fighting skill gained 2 levels and is now at level 16!
Your Axes skill gained 4 levels and is now at level 10!
Your Armour skill gained 4 levels and is now at level 10!
Your Dodging skill gained 3 levels and is now at level 18!
You have reached level 12!
You feel stronger.
Your demonic ancestry asserts itself...
You feel the presence of a demonic guardian.
You have reached level 13!
Your demonic ancestry asserts itself...
Yellow scales grow over part of your body. 😮 HP[+12] MP[+2]
You now have 119 max hp (+18).
You regained 12 hp, and now have 76/119 hp.
Your mp is fully restored (13).
Unknown command.
Unknown command.
You hear a shout! x2
A bag of meat comes into view. It is wielding a +9 war axe.
You hear a shout! x4
Unknown command.
The bag of meat shouts!
You hit the meat berserker but do no damage.
You fatally mangle the meat berserker.
You kill the meat berserker!
Makhleb accepts your kill.
You can now harness Makhleb's destructive might.
The meat berserker appears out of thin air!
A meat berserker comes into view. It is wielding a +9 battleaxe.
The meat berserker shouts!
You hear a shout! x11
The meat berserker is engulfed in dark miasma.
The meat berserker is poisoned.
The meat berserker hits you with a +9 battleaxe!!!!
Ouch! That really hurt!
You die...

Skill      XL: |  1  2  3  4  5  6  7  8  9 10 11 |
---------------+----------------------------------+-----
Fighting       | 13 14 16 | 16.9
Throwing       | 12 | 12.3
Dodging        | 12 15 18 | 18.3
Unarmed Combat | 12 | 12.5
Axes           | 6 10 | 10.0
Armour         | 6 10 | 10.0

Action                     |  1- 3 |  4- 6 |  7- 9 | 10-12 | 13-15 || total
---------------------------+-------+-------+-------+-------+-------++-------
  Melee: Executioner's axe |     1 |       |       |     2 |     1 ||     4

Levels and vault maps discovered:
D:        meatsprint

Notes
Turn   | Place    | Note
-------+----------+-------------------------------------------
     0 | D        | Found the +∞ Axe of Woe
     0 | D        | ytrimaz the Demonspawn Gladiator began the quest for the
                  | Orb.
     0 | D        | Reached XP level 1. HP: 16/16 MP: 1/1
     0 | D        | magus.rc [v1.9.6]
     1 | D        | Noticed a bag of meat
     2 | D        | Noticed a bag of meat
     3 | D        | Became a worshipper of Makhleb the Destroyer
     5 | D        | Killed a bag of meat
     6 | D        | Reached skill level 13 in Fighting
     6 | D        | Reached skill level 12 in Throwing
     6 | D        | Reached skill level 12 in Dodging
     6 | D        | Reached skill level 12 in Unarmed Combat
     6 | D        | Gained mutation: You have a small tail. [demonic ancestry]
     6 | D        | Reached XP level 2. HP: 40/40 MP: 2/2
     6 | D        | Reached XP level 3. HP: 46/46 MP: 3/3
     6 | D        | Gained mutation: You may rarely emit foul miasma when
                  | damaged in melee. [demonic ancestry]
     6 | D        | Reached XP level 4. HP: 53/53 MP: 4/4
     6 | D        | Reached XP level 5. HP: 59/59 MP: 5/5
     6 | D        | Reached XP level 6. HP: 66/66 MP: 6/6
     6 | D        | Reached XP level 7. HP: 72/72 MP: 7/7
     6 | D        | Gained mutation: You have a tail ending in a sharp stinger.
                  | [demonic ancestry]
     6 | D        | Reached XP level 8. HP: 79/79 MP: 8/8
     6 | D        | Reached XP level 9. HP: 85/85 MP: 9/9
     6 | D        | Gained mutation: You sometimes emit foul miasma when
                  | damaged in melee. [demonic ancestry]
     6 | D        | Reached XP level 10. HP: 92/92 MP: 10/10
     6 | D        | Noticed a bag of meat
     8 | D        | Killed a bag of meat
     8 | D        | Reached * piety under Makhleb
     8 | D        | Noticed a bag of meat
     8 | D        | Noticed a meat berserker
     9 | D        | Reached skill level 14 in Fighting
     9 | D        | Reached skill level 6 in Axes
     9 | D        | Reached skill level 6 in Armour
     9 | D        | Reached skill level 15 in Dodging
     9 | D        | Gained mutation: You frequently emit foul miasma when
                  | damaged in melee. [demonic ancestry]
     9 | D        | Reached XP level 11. HP: 101/101 MP: 11/11
     9 | D        | Noticed a bag of meat
     9 | D        | Noticed a meat berserker
    10 | D        | Noticed a bag of meat
    11 | D        | Killed a bag of meat
    11 | D        | Killed a bag of meat
    12 | D        | Reached skill level 16 in Fighting
    12 | D        | Reached skill level 10 in Axes
    12 | D        | Reached skill level 10 in Armour
    12 | D        | Reached skill level 18 in Dodging
    12 | D        | Gained mutation: A weak demonic guardian rushes to your
                  | aid. [demonic ancestry]
    12 | D        | Reached XP level 12. HP: 72/113 MP: 12/12
    12 | D        | Gained mutation: You are partially covered in yellow
                  | scales. (AC +2) [demonic ancestry]
    12 | D        | Reached XP level 13. HP: 76/119 MP: 13/13
    12 | D        | Noticed a bag of meat
    13 | D        | Killed a meat berserker
    13 | D        | Reached ** piety under Makhleb
    13 | D        | Noticed a meat berserker
    13 | D        | Mangled by a meat berserker

Vanquished Creatures
  An ogre (D)
  4 orcs (D)
5 creatures vanquished.

Table legend:
 A = Non-vault XP
 B = Vault XP
 C = Vault XP percentage of total XP
 D = Non-vault monster count
 E = Vault monster count
 F = Vault count percentage of total count
                 A         B        C        D         E       F
            +---------+---------+-------+---------+---------+-------
      Total |   19510 |   39005 |  66.7 |       2 |       3 |  60.0
            +---------+---------+-------+---------+---------+-------
          D |   19510 |   39005 |  66.7 |       2 |       3 |  60.0
            +---------+---------+-------+---------+---------+-------

Illustrated notes

Table legend:
 A = Kills in this place as a percentage of kills in entire the game.
 B = Kills by you in this place as a percentage of kills by you in the entire game.
 C = Kills by friends in this place as a percentage of kills by friends in the entire game.
 D = Other kills in this place as a percentage of other kills in the entire game.
 E = Experience gained in this place as a percentage of experience gained in the entire game.
 F = Experience gained in this place divided by the number of levels of this place that you have seen.
                   A       B       C       D       E      F
               +-------+-------+-------+-------+-------+----------------------
         Total | 100.0 | 100.0 |   N/A |   N/A | 100.0 | 58515.0
       Dungeon | 100.0 | 100.0 |   N/A |   N/A | 100.0 | 58515.0
               +-------+-------+-------+-------+-------+----------------------

Table legend: (Time is in decaauts)
 A = Elapsed time spent in this place.
 B = Non-inter-level travel time spent in this place.
 C = Inter-level travel time spent in this place.
 D = Time resting spent in this place.
 E = Time spent auto-exploring this place.
 F = Levels seen in this place.
 G = Mean time per level.
                   A        B        C        D        E       F      G
               +--------+--------+--------+--------+--------+-----+--------+
         Total |     14 |     14 |      0 |      0 |      0 |   1 |   14.0 |
       Dungeon |     14 |     14 |      0 |      0 |      0 |   1 |   14.0 |
               +--------+--------+--------+--------+--------+-----+--------+

Top non-repeatable levels by time:
       D: 14 daAuts
